 Dungeon Crawl Stone Soup version 0.28.0-53-g5a82cb258f (webtiles) character file.

Game seed: 13837678341932903018

405 DocClef the Spear-Bearer (level 6, 0/44 HPs)
             Began as a Merfolk Gladiator on July 1, 2022.
             Slain by a gnoll
             ... wielding a +0 halberd
              (3 damage)
             ... on level 5 of the Dungeon.
             The game lasted 00:03:29 (3121 turns).

DocClef the Spear-Bearer (Merfolk Gladiator)        Turns: 3121, Time: 00:03:30

Health: 0/44       AC:  8    Str: 16    XL:     6   Next: 87%
Magic:  6/6        EV: 11    Int:  8    God:
Gold:   178        SH:  0    Dex: 15    Spells: 5/5 levels left

rFire   . . .      SeeInvis .   t - +2 spear (vamp)
rCold   + . .      Faith    .   (no shield)
rNeg    . . .      Spirit   .   q - +0 scale mail
rPois   .          Reflect  .   c - +0 helmet
rElec   .          Harm     .   (no cloak)
rCorr   .          Rampage  .   (no gloves)
Will    .....                   l - +0 pair of boots
Stlth   ..........              (no amulet)
HPRegen 0.14/turn               j - ring of protection from cold
MPRegen 0.10/turn               (no ring)

@: no status effects
A: (nimble swimmer 2), mertail
a: no special abilities


You were on level 5 of the Dungeon.
You visited 1 branch of the dungeon, and saw 6 of its levels.

You collected 178 gold pieces.

Inventory:

Hand Weapons
 a - a +0 trident
 t - a +2 vampiric spear (weapon)
Missiles
 d - 3 throwing nets (quivered)
Armour
 b - a +0 leather armour
 c - a +0 helmet (worn)
 l - a +0 pair of boots (worn)
 q - a +0 scale mail (worn)
Jewellery
 j - a ring of protection from cold (left hand)
 m - a ring of flight
Wands
 i - a wand of flame (29)
 n - a wand of iceblast (3)
Scrolls
 e - 2 scrolls of teleportation {unknown}
 f - 2 scrolls of identify {unknown}
 g - a scroll of blinking {unknown}
 p - 2 scrolls of fog {unknown}
 r - a scroll of enchant weapon {unknown}
 s - a scroll of fear {unknown}
Potions
 h - a potion of might {unknown}
 k - a potion of haste {unknown}
 o - a potion of lignification {unknown}


   Skills:
 - Level 2.1 Fighting
 + Level 10.7 Polearms
 - Level 2.0 Throwing
 - Level 4.0 Dodging


You had 5 spell levels left.
You didn't know any spells.
Your spell library contained the following spells:

 Spells                   Type           Power      Damage    Failure   Level
 Freeze                   Ice            0%         1d3       86%         1
 Frozen Ramparts          Ice            0%         1d2       99%         3
 Hailstorm                Conj/Ice       0%         3d3       100%        4


Dungeon Overview and Level Annotations

Branches:
Dungeon (6/15)
 Temple: D:4-7

Altars:


Innate Abilities, Weirdness & Mutations

((You are very nimble when in or above water. (Stealth+, EV+, Speed+++)))
Your lower body shifts to a powerful aquatic tail in water.


Message History

The gnoll hits you from afar with a +0 halberd!
* * * LOW HITPOINT WARNING * * *
You see here a +0 flail.
There is an open door here.
The gnoll shaman calls upon its god to speed up something.
Found 16 gold pieces.
There is a stone staircase leading down here.
You climb downwards.
The gnoll shouts! x2; You hear a shout!
Found a scroll labelled HISI BAOM SETH and 13 arrows.
There is a stone staircase leading up here.
You feel a sense of dread.
t - a +2 vampiric spear (weapon)
A gnoll comes into view. It is wielding a +0 flail.
There is a stone staircase leading up here.
Reach: t) +2 spear (vamp)
Press: ? - help, Dir - move target, f - gnoll
Aim: a gnoll, wielding a +0 flail (about 28% to evade your +2 vampiric spear)
You reach to attack!
You closely miss the gnoll. You hit the gnoll.
The gnoll is moderately wounded.
You hit the gnoll.
The gnoll is heavily wounded.
The gnoll hits you with a +0 flail.
* * * LOW HITPOINT WARNING * * *
Unknown command.
The gnoll hits you but does no damage.
You climb upwards.
The gnoll barely misses you.
There is a stone staircase leading down here.
The gnoll hits you with a +0 vorpal flail.
* * * LOW HITPOINT WARNING * * *
x2
Found an escape hatch in the floor.
The gnoll shaman calls upon its god to heal something.
The gnoll hits you with a +0 vorpal flail.
* * * LOW HITPOINT WARNING * * *
x2 The gnoll closely misses you.
The gnoll shaman calls upon its god to heal the gnoll.
The gnoll's wounds heal themselves!
The gnoll hits you from afar with a +0 halberd.
You die...

#...................
#.......g...........
#....g..g...........
#.....##+###'###....
+...g.#........#....
#$..g.#...)....#....
#.g...#(....g..#....
#..g..#...###†## ..
#..@..#####.........
#.>...# #.........
+.....# #.........
#.....+ #....?####
#.....# #.....#
#.....# #.....#
#.....# #.....#
#.....#


You could see a gnoll shaman and 4 gnolls.

Vanquished Creatures
  A necrophage (D:4)
  A centaur (D:5)
  A bullfrog zombie (D:5)
  Terence (D:3)
  Ijyb (D:3)
  5 gnolls
  3 adders
  2 dart slugs
  8 orcs
  4 ball pythons
  9 endoplasms
  5 goblins
  A hobgoblin (D:1)
  6 kobolds
  4 quokkas (D:1)
  8 bats
  4 frilled lizards
  7 rats
71 creatures vanquished.

Notes
Turn   | Place    | Note
-------+----------+-------------------------------------------
     0 | D:1      | DocClef the Merfolk Gladiator began the quest for the Orb.
     0 | D:1      | Reached XP level 1. HP: 16/16 MP: 1/1
    46 | D:1      | Found a faded altar of an unknown god.
    73 | D:1      | Reached skill level 5 in Polearms
    83 | D:1      | Reached XP level 2. HP: 22/22 MP: 2/2
   370 | D:1      | Reached skill level 6 in Polearms
   370 | D:1      | Reached XP level 3. HP: 27/27 MP: 3/3
   959 | D:3      | Reached skill level 7 in Polearms
   959 | D:3      | Reached XP level 4. HP: 31/33 MP: 4/4
  1318 | D:3      | Noticed Ijyb
  1721 | D:2      | Reached skill level 8 in Polearms
  1877 | D:3      | Killed Ijyb
  1878 | D:3      | Reached XP level 5. HP: 25/38 MP: 5/5
  2065 | D:3      | Noticed Terence
  2080 | D:3      | Killed Terence
  2533 | D:4      | Noticed a necrophage
  2551 | D:4      | Killed a necrophage
  2552 | D:4      | Reached skill level 9 in Polearms
  2552 | D:4      | Reached XP level 6. HP: 38/44 MP: 6/6
  2723 | D:4      | Noticed a water moccasin
  2734 | D:5      | Entered Level 5 of the Dungeon
  2750 | D:5      | Reached skill level 10 in Polearms
  3119 | D:5      | HP: 2/44 [gnoll/+0 vorpal flail (1)]
  3121 | D:5      | Slain by a gnoll

Illustrated notes

Levels and vault maps discovered:
D:1:      dpeg_arrival_tiny_a, layout_rooms, ebering_ecumenical_altar_abandoned
D:2:      layout_rooms
D:3:      layout_loops_ring, minmay_diced_spiral, uniq_ijyb, uniq_terence
D:4:      layout_rooms, temple_green, uniq_duvessa
D:5:      layout_gridville, serial_shops, nicolae_square_shop
D:6:      layout_cave_pools

Skill      XL: |  1  2  3  4  5  6 |
---------------+-------------------+-----
Polearms       | 5 6 7 8 9 10 | 10.7
Fighting       | |  2.1
Throwing       | |  2.0
Dodging        | |  4.0

Action                   |  1- 3 |  4- 6 || total
-------------------------+-------+-------++-------
Melee: Trident           |   105 |   162 ||   267
       Punch             |       |     6 ||     6
       Spear             |       |     3 ||     3
 Stab: Sleeping          |     3 |     1 ||     4
Armor: Leather armour    |    22 |    16 ||    38
       Scale mail        |       |    19 ||    19
Dodge: Dodged            |    45 |    84 ||   129
